Map: Abyssal Reef LE

Players

Snute - Winner!

  • Race: Zerg Zerg
  • Spawn Location: 11:00

SortOf

  • Race: Zerg Zerg
  • Spawn Location: 5:00

Event: WCS Valencia 2017

VOD

Have the link to the VOD?

Description

Time

  • Played on: July 13, 2017, 1:48 p.m.
  • Length: 3:40

All games in this series

Show
View Real Time Build Order
Export as new Build Order

Snute Zerg - Winner!

Build Orders: Pool First 

Get SALT Encoding   

  12  0:00  Drone  
  13  0:12  Overlord  
  13  0:17  Drone  
  14  0:30  Drone x2  
  14  0:34  Extractor  
  15  0:44  Spawning Pool  
  15  0:47  Drone  
  15  0:51  Drone  
  15  0:56  Drone  
  17  1:19  Hatchery  
  16  1:35  Metabolic Boost  
  16  1:38  Queen  
  18  1:42  Zergling x2  
  19  1:48  Overlord  
  19  1:53  Zergling x2  
  20  1:55  Zergling x2  
  21  2:04  Zergling x2  
  22  2:14  Queen  
  24  2:20  Zergling x2  
  25  2:27  Zergling x2  
  26  2:30  Queen  
  26  2:33  Zergling x2  
  27  2:37  Zergling x2  
  27  2:43  Zergling x2  
  29  2:46  Zergling x6  
  29  2:49  Zergling x2  
  33  2:56  Zergling x2  
  33  3:02  Zergling x2  
  33  3:05  Zergling x2  
  34  3:13  Drone  
  34  3:16  Overlord  
  35  3:25  Drone x2  
  35  3:27  Drone  
Show
View Real Time Build Order
Export as new Build Order

SortOf Zerg 

Build Orders: Pool First 

Get SALT Encoding   

  12  0:00  Drone  
  13  0:13  Overlord  
  13  0:17  Drone  
  14  0:31  Drone x2  
  16  0:42  Spawning Pool  
  15  0:45  Drone  
  15  0:49  Drone  
  17  1:10  Hatchery  
  16  1:28  Zergling x2  
  16  1:29  Queen, Zergling x4  
  21  1:39  Drone  
  22  1:53  Extractor  
  21  1:54  Overlord  
  21  2:04  Drone  
  22  2:12  Queen  
  24  2:16  Drone  
  24  2:22  Queen  
  27  2:23  Zergling x2, Drone  
  29  2:33  Drone  
  29  2:34  Drone  
  30  2:40  Drone x3  
  33  2:47  Overlord  
  33  2:48  Queen  
  35  2:54  Drone  
  34  3:11  Evolution Chamber  
  33  3:13  Roach Warren  
  33  3:18  Drone x2, Overlord  
  34  3:22  Drone  
Tags
 
Add a new tag
Caveats
  • Supply blocks, unpowered buildings, or Contaminate may cause inaccurate times.
  • Supply counts are checked every 10 seconds.